 Dungeon Crawl Stone Soup version 0.28-a0-1143-gcf6077d4cc (webtiles) character file.

Game seed: 10698350142618552115

55 runemasterragnar the Grave Robber (level 3, 0/42 HPs)
             Began as a Deep Dwarf Necromancer on Dec 14, 2021.
             Slain by an ice beast (1 damage)
             ... on level 6 of the Dungeon.
             The game lasted 00:03:59 (1866 turns).

runemasterragnar the Grave Robber (DDNe)            Turns: 1866, Time: 00:03:59

Health: 0/42       AC:  3    Str: 11    XL:     3   Next: 67%
Magic:  2/6        EV: 12    Int: 17    God:
Gold:   121        SH:  0    Dex: 13    Spells: 2/6 levels left

rFire   . . .      SeeInvis .   m - +0 war axe
rCold   + . .      Faith    .   (no shield)
rNeg    . . .      Spirit   .   a - +0 robe
rPois   .          Reflect  .   (no helmet)
rElec   .          Harm     .   c - +0 cloak
rCorr   .          Rampage  .   (no gloves)
Will    .....                   (no boots)
Stlth   ..........              (no amulet)
HPRegen 0.00/turn               (no ring)
MPRegen 0.10/turn               (no ring)

@: berserking (expiring), very quick
A: damage resistance, heal wounds, sense surroundings 1, no regeneration, cold
resistance 1
a: Heal Wounds


You were on level 6 of the Dungeon.
You visited 1 branch of the dungeon, and saw 4 of its levels.

You collected 121 gold pieces.

Inventory:

Hand Weapons
 b - a +0 club
 l - a +0 long sword
 m - a +0 war axe (weapon)
Missiles
 e - 18 poisoned darts
Armour
 a - a +0 robe (worn)
 c - a +0 cloak (worn)
Potions
 d - a potion of invisibility {unknown}


   Skills:
 - Level 2.1 Dodging
 - Level 2.4 Stealth
 + Level 2.4 Spellcasting
 * Level 5.5 Necromancy


You had 2 spell levels left.
You knew the following spells:

 Your Spells              Type           Power      Damage    Failure   Level
a - Pain                  Necr           80%        1d8       1%          1
b - Vampiric Draining     Necr           20%        2d7       6%          3

Your spell library contained the following spells:

 Spells                   Type           Power      Damage    Failure   Level
 Animate Skeleton         Necr           40%        N/A       1%          1
 Animate Dead             Necr           10%        N/A       19%         4
 Agony                    Necr           20%        N/A       47%         5


Dungeon Overview and Level Annotations

Branches:
Dungeon (3/15)

Altars:
Fedhas


Innate Abilities, Weirdness & Mutations

You are resistant to damage.
You can heal yourself by infusing magical energy.
You passively map a small area around you.
You do not regenerate.
Your flesh is cold resistant. (rC+)


Message History

The ice beast is moderately wounded.
The ice beast hits you. The ice beast freezes you. You resist.
You hit the ice beast.
The ice beast is heavily wounded.
The ice beast misses you.
You closely miss the ice beast.
The ice beast is heavily wounded.
The ice beast barely misses you.
You barely miss the ice beast.
The ice beast is heavily wounded.
The ice beast hits you. The ice beast freezes you. You resist.
You completely miss the ice beast.
The ice beast is heavily wounded.
The ice beast hits you.
* * * LOW HITPOINT WARNING * * *
The ice beast freezes you. You resist.
* * * LOW HITPOINT WARNING * * *
You barely miss the ice beast.
The ice beast is heavily wounded.
The ice beast hits you.
* * * LOW HITPOINT WARNING * * *
The ice beast freezes you. You resist.
* * * LOW HITPOINT WARNING * * *
Your magical contamination has completely faded away.
You slash the ice beast!
The ice beast is almost dead.
The ice beast hits you. The ice beast freezes you. You resist.
* * * LOW HITPOINT WARNING * * *
Unknown command.
You barely miss the ice beast.
The ice beast is almost dead.
The ice beast hits you.
* * * LOW HITPOINT WARNING * * *
The ice beast freezes you. You resist.
* * * LOW HITPOINT WARNING * * *
Unknown command.
You barely miss the ice beast.
The ice beast is almost dead.
The ice beast hits you.
You die...

* * ...... ,, , ,
, .....( ... ,
#...... * * ,
,.... .#...... ,,,
, .........Y... *
*#.....8.....8
#.##......... *,
### #............
,
#@####..##........
#.Y............>..
#.####.##.........
*
#.####.###.8.....8
, #......#
#........ *
######## ##.#####.
* #.# ## #.., , *
####***


You could see an ice beast.

Vanquished Creatures
  2 adders (D:2)
  A worm (D:2)
  2 dart slugs
  3 endoplasms
  2 giant cockroaches
  3 quokkas
  3 ball pythons (D:1)
  A bat (D:1)
  3 frilled lizards
  7 goblins
  A kobold (D:1)
  3 rats
31 creatures vanquished.

Notes
Turn   | Place    | Note
-------+----------+-------------------------------------------
     0 | D:1      | runemasterragnar the Deep Dwarf Necromancer began the quest
                  | for the Orb.
     0 | D:1      | Reached XP level 1. HP: 15/15 MP: 3/3
   293 | D:1      | Found a faded altar of an unknown god.
   359 | D:1      | Reached XP level 2. HP: 22/22 MP: 1/5
   654 | D:1      | Reached skill level 5 in Necromancy
  1185 | D:2      | Reached XP level 3. HP: 21/28 MP: 2/6
  1189 | D:2      | Learned a level 3 spell: Vampiric Draining
  1827 | D:3      | Found a blossoming altar of Fedhas.
  1827 | D:3      | You fall into a shaft and drop 3 floors!
  1827 | D:6      | Noticed a centaur
  1840 | D:6      | Noticed an ice beast
  1842 | D:6      | Noticed a scorpion
  1852 | D:6      | Gained mutation: Your flesh is cold resistant. (rC+)
                  | [potion of mutation]
  1865 | D:6      | HP: 1/42 [ice beast (4)]
  1866 | D:6      | Slain by an ice beast

Illustrated notes

Levels and vault maps discovered:
D:1:      matt_arrival_grand_opening, layout_rooms,
          hellmonk_ecumenical_altar_arch_garden, minmay_misc_feat_chi
D:2:      layout_basic, minmay_misc_feat_room
D:3:      layout_rooms, fedhas_altar_1, general_overflow_altar,
          overflow_temple_1_default, minmay_unequal, uniq_jessica, uniq_grinder,
          uniq_ijyb
D:6:      layout_basic, lemuel_coloured_pillars_altar, st_stairs_1

Skill      XL: |  1  2 |
---------------+-------+-----
Spellcasting   | 2 |  2.4
Necromancy     | 5 |  5.5
Dodging        | |  2.1
Stealth        | |  2.4

Action                   || total
-------------------------++-------
Melee: Club              ||    11
       War axe           ||    22
       Long sword        ||     7
 Cast: Pain              ||    47
       Vampiric Draining ||     5
  Use: Scroll            ||     4
       Potion            ||     2
Armor: Robe              ||     8
Dodge: Dodged            ||    36

Table legend: (Time is in decaauts)
 A = Elapsed time spent in this place.
 B = Non-inter-level travel time spent in this place.
 C = Inter-level travel time spent in this place.
 D = Time resting spent in this place.
 E = Time spent auto-exploring this place.
 F = Levels seen in this place.
 G = Mean time per level.
                   A        B        C        D        E       F      G
               +--------+--------+--------+--------+--------+-----+--------+
         Total |   1876 |   1824 |     52 |    236 |   1287 |   4 |  469.0 |
       Dungeon |   1876 |   1824 |     52 |    236 |   1287 |   4 |  469.0 |
               +--------+--------+--------+--------+--------+-----+--------+

Top non-repeatable levels by time:
     D:2: 952 daAuts
     D:1: 885 daAuts
     D:6: 38 daAuts
